 Dungeon Crawl Stone Soup version 0.28-a0-563-gf77a47075d (webtiles) character file.

Game seed: 12840672669949444362

70 friend the Changer (level 4, -5/38 HPs)
             Began as a Naga Transmuter on Sept 30, 2021.
             Slain by an ogre (12 damage)
             ... on level 3 of the Dungeon.
             The game lasted 00:06:01 (3165 turns).

friend the Changer (Naga Transmuter)                Turns: 3165, Time: 00:06:01

Health: -5/38      AC:  3    Str: 12    XL:     4   Next: 21%
Magic:  0/7        EV:  9    Int: 15    God:
Gold:   111        SH:  0    Dex: 11    Spells: 1/7 levels left

rFire   . . .      SeeInvis +     - Unarmed
rCold   . . .      Faith    .   (no shield)
rNeg    . . .      Spirit   .   a - +0 robe
rPois   +          Reflect  .   (helmet currently unavailable)
rElec   .          Harm     .   (no cloak)
rCorr   .          Rampage  .   k - +0 pair of gloves
Will    .....                   (no barding)
Stlth   +.........              (no amulet)
HPRegen 0.12/turn               (no ring)
MPRegen 0.10/turn               (no ring)

@: appendages, very slightly contaminated, very slow
A: horns 2, AC +1, large, see invisible, deformed body, poison resistance,
slowness 2, spit poison 1, naga tail 1
a: Spit Poison, End Transformation


You were on level 3 of the Dungeon.
You had temporarily grown beastly horns.
You visited 1 branch of the dungeon, and saw 3 of its levels.

You collected 111 gold pieces.

Inventory:

Armour
 a - a +0 robe (worn)
 c - a +0 helmet (melded)
 k - a +0 pair of gloves (worn)
Scrolls
 b - a scroll of amnesia {unknown}
 d - a scroll of vulnerability {unknown}
 f - a scroll of silence {unknown}
 g - a scroll of fear {unknown}
 i - 2 scrolls of enchant armour {unknown}
 j - 2 scrolls of identify {unknown}
Potions
 e - a potion of lignification {unknown}
 h - a potion of magic {unknown}


   Skills:
 - Level 1.0 Fighting
 - Level 1.5 Dodging
 - Level 3.0 Unarmed Combat
 - Level 2.0 Spellcasting
 + Level 3.9 Transmutations
 + Level 2.2 Poison Magic


You had one spell level left.
You knew the following spells:

 Your Spells              Type           Power      Damage    Failure   Level
a - Beastly Appendage     Tmut           26%        N/A       4%          1
b - Wereblood             Tmut           13%        N/A       7%          2
c - Spider Form           Tmut/Pois      5%         N/A       19%         3

Your spell library contained the following spells:

 Spells                   Type           Power      Damage    Failure   Level
 Corpse Rot               Necr/Air       N/A        N/A       32%         2
 Ozocubu's Armour         Ice            1%         N/A       54%         3
 Ice Form                 Ice/Tmut       7%         N/A       69%         4
 Dispel Undead            Necr           1%         3d6       91%         4
 Death Channel            Necr           0%         N/A       100%        6
 Ozocubu's Refrigeration  Ice            0%         4d5       100%        7


Dungeon Overview and Level Annotations

Branches:
Dungeon (3/15)

Altars:


Innate Abilities, Weirdness & Mutations

You have temporarily grown beastly horns.
Your serpentine skin is tough. (AC +1)
You have supernaturally acute eyesight. (SInv)
Armour fits poorly on your strangely shaped body.
Your system is resistant to poisons. (rPois)
You cover ground very slowly.
You can spit poison.
You have a snake-like lower body.


Message History

You now have 4/7 mp.
You hit the goblin. The goblin misses you.
You barely miss the goblin. The goblin misses you.
You barely miss the goblin. The goblin barely misses you.
You bite the goblin!
You kill the goblin!
No target in view!
No target in view!
Your transformation is almost over.
Your transformation has ended.
Your +0 helmet unmelds from your body.
Your +0 robe unmelds from your body.
You regained 2 mp, and now have 6/7 mp.
Things that are here:
a +0 dagger; a goblin corpse
k - a +0 pair of gloves MP restored: 7 You finish putting on your +0 pair of gloves.
j - 2 scrolls labelled MINOOS WIPPUSCH (gained 1)
An ogre comes into view. It is wielding a +0 giant club.
Abil: Spit Poison
Aim: an ogre, wielding a +0 giant club The splash of poison hits the ogre.
The ogre is poisoned.
You miscast Spider Form.
You are very lightly contaminated with residual magic.
Nothing appears to happen.
You now have 4/7 mp.
You miscast Spider Form.
Nothing appears to happen.
The ogre hits you with a +0 giant club!
You take 14 damage, and have 24/38 hp.
MASSIVE DAMAGE!!
You now have 1/7 mp.
You grow a pair of large bovine horns.
Your +0 helmet melds into your body.
You have got your breath back.
The ogre hits you with a +0 giant club!
* * * LOW HITPOINT WARNING * * *
You take 17 damage, and have 7/38 hp.
MASSIVE DAMAGE!!
You now have 0/7 mp.
You hit the ogre. The ogre hits you with a +0 giant club!
You die...

#......###.# #.
##.....)..### ######.
#...........# .......
##..........## .......
#...........#.
.......####..........##.
.......#.............#..
......O#.###........##..
.......@.# ###......#...
.......?## ###...##...
#####...# ###......
#.... #####.. #..## ###
#.. # #.# .?


You could see an ogre (poisoned).

Vanquished Creatures
  An adder (D:2)
  6 dart slugs
  2 ball pythons
  6 bats
  6 endoplasms
  2 giant cockroaches (D:1)
  3 goblins
  4 hobgoblins
  5 quokkas
  4 kobolds
  5 rats
44 creatures vanquished.

Notes
Turn   | Place    | Note
-------+----------+-------------------------------------------
     0 | D:1      | friend the Naga Transmuter began the quest for the Orb.
     0 | D:1      | Reached XP level 1. HP: 18/18 MP: 3/3
   386 | D:1      | Found a faded altar of an unknown god.
   578 | D:1      | Reached XP level 2. HP: 21/25 MP: 3/5
  1215 | D:1      | Reached XP level 3. HP: 20/31 MP: 6/6
  1349 | D:1      | Learned a level 2 spell: Wereblood
  1353 | D:1      | Learned a level 3 spell: Spider Form
  1692 | D:2      | Reached skill level 1 in Poison Magic
  2470 | D:2      | Reached XP level 4. HP: 32/38 MP: 5/7
  3160 | D:3      | Noticed an ogre
  3165 | D:3      | Slain by an ogre

Illustrated notes

Levels and vault maps discovered:
D:1:      dpeg_arrival_rooms_b, layout_basic, basic_ecumenical_altar
D:2:      layout_basic
D:3:      minmay_skewed_foursquare, layout_rooms, uniq_terence, uniq_grinder

Skill      XL: |  1  2  3  4 |
---------------+-------------+-----
Transmutations | 3 |  3.9
Poison Magic   | 1 2 |  2.2
Fighting       | |  1.0
Dodging        | |  1.5
Unarmed Combat | |  3.0
Spellcasting   | |  2.0

Action                   |  1- 3 |  4- 6 || total
-------------------------+-------+-------++-------
Melee: Unarmed           |   102 |    17 ||   119
       Headbutt          |    18 |     1 ||    19
       Punch             |     1 |       ||     1
 Cast: Beastly Appendage |    31 |     2 ||    33
       Wereblood         |     1 |       ||     1
       Spider Form       |       |     8 ||     8
 Abil: Spit Poison       |    13 |     2 ||    15
Armor: Robe              |    28 |       ||    28
Dodge: Dodged            |    63 |     9 ||    72

Table legend: (Time is in decaauts)
 A = Elapsed time spent in this place.
 B = Non-inter-level travel time spent in this place.
 C = Inter-level travel time spent in this place.
 D = Time resting spent in this place.
 E = Time spent auto-exploring this place.
 F = Levels seen in this place.
 G = Mean time per level.
                   A        B        C        D        E       F      G
               +--------+--------+--------+--------+--------+-----+--------+
         Total |   3808 |   3754 |     54 |    443 |   2863 |   3 | 1269.3 |
       Dungeon |   3808 |   3754 |     54 |    443 |   2863 |   3 | 1269.3 |
               +--------+--------+--------+--------+--------+-----+--------+

Top non-repeatable levels by time:
     D:2: 1754 daAuts
     D:1: 1631 daAuts
     D:3: 422 daAuts
